Map: King's Cove LE

Players

Parkkatz

  • Race: Zerg Zerg
  • League: Platinum
  • Spawn Location: 5:00

McLovin - Winner!

  • Race: Zerg Zerg
  • League: Platinum
  • Spawn Location: 11:00

VOD

Have the link to the VOD?

Description

Time

  • Played on: July 4, 2019, 10:22 p.m.
  • Length: 4:26
Show
View Real Time Build Order
Export as new Build Order

Parkkatz Zerg 

Build Orders: Hatch First 

Get SALT Encoding   

  12  0:01  Drone  
  13  0:13  Overlord  
  13  0:19  Drone  
  14  0:34  Drone x2  
  16  0:36  Drone  
  17  0:46  Drone  
  18  1:00  Hatchery  
  17  1:05  Extractor  
  17  1:06  Drone  
  17  1:19  Drone  
  17  1:22  Spawning Pool  
  17  1:25  Drone  
  18  1:32  Drone  
  19  1:42  Overlord  
  19  2:10  Queen  
  19  2:11  Zergling x4  
  19  2:13  Queen  
  19  2:14  Zergling x2  
  26  2:25  Drone x2  
  26  2:26  Drone  
  29  2:33  Metabolic Boost  
  29  2:42  Zergling x4  
  31  2:48  Queen  
  33  2:56  Drone x2  
  33  2:57  Drone  
  36  3:00  Overlord  
  36  3:18  Drone x2  
  35  3:21  Zergling x10  
  40  3:29  Drone  
  40  3:30  Drone x2  
  43  3:38  Roach Warren  
  43  3:41  Evolution Chamber  
  41  3:54  Zergling x10  
  41  3:55  Zergling x2  
  43  3:59  Zergling x2  
  43  4:00  Zergling x4  
  43  4:02  Zergling x4  
Show
View Real Time Build Order
Export as new Build Order

McLovin Zerg - Winner!

Build Orders: Hatch First 

Get SALT Encoding   

  12  0:02  Drone  
  13  0:11  Drone  
  14  0:23  Drone, Extractor x2  
  14  0:24  Drone  
  16  0:50  Extractor  
  16  0:52  Hatchery  
  14  1:02  Spawning Pool  
  13  1:06  Drone  
  14  1:12  Overlord  
  14  1:31  Drone x2  
  16  1:49  Queen  
  16  1:50  Zergling x4  
  20  2:04  Metabolic Boost  
  20  2:06  Zergling x4  
  20  2:07  Zergling x2  
  23  2:18  Zergling x2  
  23  2:19  Zergling x2  
  25  2:25  Overlord  
  25  2:38  Zergling x6  
  28  2:50  Zergling x4  
  30  2:57  Zergling x2  
  31  3:00  Queen  
  31  3:02  Overlord  
  33  3:08  Zergling x6  
  36  3:23  Zergling x6  
  39  3:32  Zergling x2  
  39  3:33  Zergling x6  
  43  3:45  Zergling x2  
  40  3:55  Zergling x2  
  40  3:56  Zergling x4  
  41  4:08  Zergling x8  
Tags
 
Add a new tag
Caveats
  • Supply blocks, unpowered buildings, or Contaminate may cause inaccurate times.
  • Supply counts are checked every 10 seconds.